 Dungeon Sprint DCSS version 0.30.0-30-g96aa6591b8 (webtiles) character file.

Game seed: 5454047443110521210

100198 Groucho the Hoplite (level 15, -1/165 HPs)
             Began as a Minotaur Fighter on June 26, 2023.
             Was the Champion of Qazlal.
             Slain by a searing wretch (17 damage)
             ... in the Dungeon (Sprint V: "Ziggurat Sprint").
             The game lasted 00:17:27 (3827 turns).

Groucho the Hoplite (Minotaur Fighter)              Turns: 3827, Time: 00:17:28

Health: -1/165     AC: 40    Str: 37    XL:     15   Next: 79%
Magic:  5/28       EV: 17    Int:  5    God:    Qazlal [******]
Gold:   7          SH: 43    Dex: 18    Spells: 14/14 levels left

rFire   + . .        c - +6 shillelagh "Devastator" {shatter}
rCold   + + +        b - +18 shield of the Gong {Loud rN+ Will+ rCorr EV-5}
rNeg    + . .        a - +15 Maxwell's patent armour {-Cast -Tele rElec Will+ rCorr}
rPois   .            E - +2 hat
rElec   +            (no cloak)
rCorr   +            (no gloves)
SInv    .            (no boots)
Will    +++..        (no amulet) Stlth
                     A - +6 ring of strength
HPRegen 0.47/turn    G - ring of the Sky {rC++ Str+5 Dex+6}
MPRegen 0.21/turn

%: no teleportation, no spellcasting, random rage (3%), repel missiles
@: protected from physical damage, studying 2 skills
A: horns 2, retaliatory headbutt, camouflage 1, berserk 1, cold resistance 1,
fire resistance 1
a: Renounce Religion, Upheaval, Elemental Force, Disaster Area


You were in the Dungeon.
You worshipped Qazlal.
Qazlal was exalted by your worship.
You visited 1 branch You collected 7 gold pieces.

Inventory:

Hand Weapons
 c - the +6 shillelagh "Devastator" (weapon) {shatter}
   (You found it in the Dungeon)
 w - the +8 Vampire's Tooth {megavamp}
   (You found it in the Dungeon)
 N - the +12 glaive of Prune {freeze, Prune}
   (You found it in the Dungeon)

   Prune:     It halves damage taken while paralysed, petrified or unconscious.
 Y - the +8 longbow "Zephyr" {speed, Dex+3 SInv}
   (You found it in the Dungeon)

   Dex:       It affects your dexterity (+3).
   SInv:      It lets you see invisible.
Armour
 a - the +15 Maxwell's patent armour (worn) {-Cast -Tele rElec Will+ rCorr}
   (You found it in the Dungeon)

   rElec:     It insulates you from electricity.
   -Cast:     It prevents spellcasting.
   -Tele:     It prevents most forms of teleportation.
   rCorr:     It protects you from acid and corrosion.
   Will:      It increases your willpower.
 b - the +18 shield of the Gong (worn) {Loud rN+ Will+ rCorr EV-5}
   (You found it in the Dungeon)

   Loud:      It is deafeningly noisy when blocking attacks.
   EV:        It affects your evasion (-5).
   rN:        It protects you from negative energy.
   rCorr:     It protects you from acid and corrosion.
   Will:      It increases your willpower.
 z - the +9 scales of the Dragon King {rPois rF+ rC+ Will+}
   (You found it in the Dungeon)

   rF:        It protects you from fire.
   rC:        It protects you from cold.
   rPois:     It protects you from poison.
   Will:      It increases your willpower.
 E - a +2 hat (worn)
Jewellery
 x - a ring of protection from fire
 y - the ring "Hedum" {rElec rC+ rN+ Dex-4 SInv}
   (You took it off a spriggan in the Dungeon)

   [ring of see invisible]

   Dex:       It affects your dexterity (-4).
   rC:        It protects you from cold.
   rElec:     It insulates you from electricity.
   rN:        It protects you from negative energy.
   SInv:      It lets you see invisible.
 A - a +6 ring of strength (left hand)
 G - the ring of the Sky (right hand) {rC++ Str+5 Dex+6}
   (You found it in the Dungeon)

   [ring of dexterity]

   Str:       It affects your strength (+5).
   Dex:       It affects your dexterity (+6).
   rC:        It greatly protects you from cold.
 H - an amulet of regeneration
 M - the macabre finger necklace {Finger+ rN+}
   (You found it in the Dungeon)

   [amulet of nothing]

   Finger+:   It enables you to equip an extra ring.
   rN:        It protects you from negative energy.
 P - the ring "Tiergh" {*Slow rElec rN++ Will+ Int+6}
   (You took it off a yellow draconian in the Dungeon)

   [ring of intelligence]

   Int:       It affects your intelligence (+6).
   rElec:     It insulates you from electricity.
   rN:        It greatly protects you from negative energy.
   *Slow:     It may slow you when you take damage.
   Will:      It increases your willpower.
 Q - the amulet "Faread" {RegenMP +Blink Regen+ Dex-4 SInv}
   (You took it off a red draconian in the Dungeon)

   [amulet of magic regeneration]

   It increases your rate of magic regeneration.
   Dex:       It affects your dexterity (-4).
   SInv:      It lets you see invisible.
   +Blink:    It lets you blink.
   Regen:     It increases your rate of health regeneration.
 U - a +5 ring of evasion
Wands
 s - a wand of mindburst (23)
 t - a wand of iceblast (41)
 u - a wand of light (9)
 B - a wand of digging (1)
 I - a wand of flame (29)
 J - a wand of polymorph (1)
 O - a wand of charming (21)
Scrolls
 j - 4 scrolls of blinking
 o - 4 scrolls of amnesia
 p - 7 scrolls of fog
 q - 5 scrolls of identify
 r - 2 scrolls of fear
 v - 4 scrolls of enchant weapon
 D - 2 scrolls of brand weapon
Potions
 d - 9 potions of might
 e - 10 potions of curing
 f - 2 potions of heal wounds
 g - 13 potions of haste
 h - 4 potions of magic
 i - 3 potions of berserk rage
 k - 3 potions of brilliance
 l - 2 potions of invisibility
 m - 4 potions of resistance
 n - a potion of experience


   Skills:
 + Level 23.5 Fighting
 - Level 2.4(15.8) Axes
 + Level 23.5 Maces & Flails
 + Level 23.6 Armour
 + Level 21.6 Dodging
 + Level 23.6 Shields
 + Level 20.1 Invocations


You had 14 spell levels left.
You didn't know any spells.
Your spell library contained the following spells:

 Spells                   Type           Power      Damage    Failure   Level
 Apportation              Tloc           0%         N/A       83%         1
 Kiss of Death            Conj/Necr      0%         2d5       83%         1
 Magic Dart               Conj           0%         1d3       83%         1
 Sandblast                Erth           0%         2d4       83%         1
 Shock                    Conj/Air       0%         1d3       83%         1
 Sting                    Tmut/Pois      0%         1d3       83%         1
 Summon Small Mammal      Summ           0%         N/A       83%         1
 Ensorcelled Hibernation  Hex/Ice        0%         N/A       93%         2
 Poisonous Vapours        Pois/Air       0%         N/A       93%         2
 Scorch                   Fire           0%         2d5       93%         2
 Searing Ray              Conj           0%         2d4       93%         2
 Static Discharge         Conj/Air       0%         2-2/arc   93%         2
 Call Canine Familiar     Summ           0%         N/A       99%         3
 Frozen Ramparts          Ice            0%         1d1       99%         3
 Gell's Gravitas          Tloc           0%         N/A       99%         3
 Hailstorm                Conj/Ice       0%         3d3       99%         3
 Mephitic Cloud           Conj/Pois/Air  0%         N/A       99%         3
 Portal Projectile        Hex/Tloc       0%         N/A       99%         3
 Spider Form              Tmut/Pois      0%         N/A       99%         3
 Stone Arrow              Conj/Erth      0%         3d7       99%         3
 Summon Guardian Golem    Hex/Summ       0%         N/A       99%         3
 Swiftness                Air            0%         N/A       99%         3
 Tukima's Dance           Hex            0%         N/A       99%         3
 Vhi's Electric Charge    Tloc/Air       0%         N/A       99%         3
 Airstrike                Air            0%         2d(0-16)  100%        4
 Anguish                  Hex/Necr       0%         N/A       100%        4
 Animate Armour           Summ/Erth      0%         N/A       100%        4
 Cause Fear               Hex            0%         N/A       100%        4
 Flame Wave               Conj/Fire      0%         2d4       100%        4
 Fulminant Prism          Conj/Hex       0%         3d5       100%        4
 Ice Form                 Ice/Tmut       0%         N/A       100%        4
 Leda's Liquefaction      Hex/Erth       0%         N/A       100%        4
 Olgreb's Toxic Radiance  Pois           0%         N/A       100%        4
 Summon Lightning Spire   Summ/Air       0%         N/A       100%        4
 Agony                    Necr           0%         N/A       100%        5
 Alistair's Intoxication  Tmut/Pois      0%         N/A       100%        5
 Blade Hands              Tmut           0%         N/A       100%        5
 Borgnjor's Vile Clutch   Necr/Erth      0%         N/A       100%        5
 Freezing Cloud           Conj/Ice/Air   0%         6-21      100%        5
 Lee's Rapid Deconstruct  Erth           0%         3d4*      100%        5
 Metabolic Englaciation   Hex/Ice        0%         N/A       100%        5
 Silence                  Hex/Air        0%         N/A       100%        5
 Eringya's Noxious Bog    Tmut/Pois      0%         N/A       100%        6
 Iron Shot                Conj/Erth      0%         9d1       100%        6
 Simulacrum               Ice/Necr       0%         N/A       100%        6
 Summon Cactus Giant      Summ           0%         N/A       100%        6
 Enfeeble                 Hex            0%         N/A       100%        7
 Haunt                    Necr/Summ      0%         N/A       100%        7
 Ozocubu's Refrigeration  Ice            0%         4d7       100%        7
 Spellforged Servitor     Conj/Summ      0%         N/A       100%        7
 Storm Form               Tmut/Air       0%         N/A       100%        7
 Borgnjor's Revivificati  Necr           0%         N/A       100%        8
 Infestation              Necr           0%         N/A       100%        8
 Maxwell's Capacitive Co  Air            0%         ∞         100%        8
 Necromutation            Tmut/Necr      0%         N/A       100%        8
 Chain Lightning          Conj/Air       0%         N/A       100%        9
 Death's Door             Necr           0%         N/A       100%        9
 Polar Vortex             Ice            0%         N/A       100%        9


Dungeon Overview and Level Annotations

Branches:
Dungeon (1/1)

Altars:
Ashenzari
Cheibriados
Dithmenos
Elyvilon
Fedhas
Gozag
Hepliaklqana
Kikubaaqudgha
Makhleb
Nemelex Xobeh
Okawaru
Qazlal
Ru
Sif Muna
Trog
Uskayaw
Vehumet
Wu Jian
Xom
Yredelemnul
Zin
The Shining One
Jiyva
Lugonu


Innate Abilities, Weirdness & Mutations

You have a pair of horns on your head.
You reflexively headbutt those who attack you in melee.
Your skin changes colour to match your surroundings (Stealth+).
You sometimes lose your temper in combat.
Your flesh is cold resistant. (rC+)
Your flesh is heat resistant. (rF+)


Message History

* * * LOW HITPOINT WARNING * * *
The blast of flame hits the balrug.
The balrug completely resists.
You block the searing wretch's attack.
GONNNNG!
You block the searing wretch's attack.
GONNNNG!
You block the searing wretch's attack.
GONNNNG!
The hellephant tramples you.
* * * LOW HITPOINT WARNING * * *
You feel protected from physical attacks.
You hold your ground!
The hellephant barely misses you. The hellephant closely misses you.
You block the balrug's attack.
GONNNNG!
Unknown command.
Unknown command.
You closely miss the balrug. You headbutt the balrug!
You kill the balrug!
Qazlal accepts your kill.
The balrug is engulfed in freezing vapours.
The balrug gestures at you. Something smites you!
* * * LOW HITPOINT WARNING * * *
You block the fire giant's attack.
GONNNNG!
You block the balrug's attack.
GONNNNG!
The hellephant breathes flames at you.
You hear a sizzling sound!
Unknown command.
Unknown command.
You barely miss the hellephant.
The hellephant is heavily wounded.
You block the hellephant's attack.
GONNNNG!
The hellephant bites you but does no damage.
You block the hellephant's attack.
SHROANNG!
The searing wretch claws you!
You die...

▓...(÷)) ▓≈..[)≈/?≈/[.".
▓..)..)) ▓....≈)).[[.).≈
▓.....)) ▓..≈..))≈.)†≈..
▓.....[. ▓....≈≈..≈≈..≈.
▓..▓...( ▓....).?...≈...
▓.......
▓...†Y.v○.......▓.......
▓.....n)2.Y.....▓......©
▓.....C@Y°......▓▓▓▓▓▓▓▓
▓.v.▓°°≈2...▓...▓
▓..▓▓▓○§.○.▓▓▓..▓
▓...▓.......▓...▓
▓...≈..Y........▓
▓...≈...©.≈.....▓
▓▓▓▓▓▓▓▓▓▓▓▓▓▓▓▓▓


You could see 4 hellephants, a searing wretch, a fire giant, 2 balrugs and 2
fire vortices.

Vanquished Creatures
  A juggernaut (shapeshifter) (D)
  A shard shrike (shapeshifter) (D)
  3 hellephants (D)
  2 Orb Guardians (D)
  A lich (D)
  A titan (shapeshifter) (D)
  2 searing wretches (D)
  An acid blob (shapeshifter) (D)
  Frances (D)
  3 shadow dragons (D)
  Agnes (D)
  A nagaraja (D)
  2 fire giants (D)
  8 balrugs (D)
  A draconian stormcaller (D)
  A ghoul (D)
  5 stone giants (D)
  3 green draconians (D)
  5 white draconians (D)
  Azrael (D)
  5 red draconians (D)
  6 yellow draconians (D)
  5 purple draconians (D)
  2 yaktaur captains (D)
  Josephine (D)
  A merfolk javelineer (D)
  13 vault guards (D)
  5 two-headed ogres (D)
  A two-headed ogre (shapeshifter) (D)
  An anaconda (D)
  A boulder beetle (shapeshifter) (D)
  5 centaur warriors (D)
  A naga warrior (D)
  A hell hog (D)
  Urug (D)
  8 soul eaters (D)
  A skyshark (shapeshifter) (D)
  A sea snake (shapeshifter) (D)
  2 orb spiders (shapeshifter) (D)
  A wizard (D)
  A deep troll (shapeshifter) (D)
  An ironbound convoker (D)
  A lindwurm (shapeshifter) (D)
  Pikel (D)
  A cyclops (shapeshifter) (D)
  2 shining eyes (D)
  7 cyclopes (D)
  Joseph (D)
  A salamander (shapeshifter) (D)
  A naga mage (D)
  2 black mambas (D)
  Maurice (D)
  A vault sentinel (D)
  An elephant (shapeshifter) (D)
  An eye of devastation (D)
  2 hellions (D)
  7 yaktaurs (D)
  A tormentor (D)
  A merfolk (shapeshifter) (D)
  4 trolls (D)
  A polar bear (shapeshifter) (D)
  A queen bee (shapeshifter) (D)
  A spriggan (shapeshifter) (D)
  A slime creature (D)
  A culicivora (shapeshifter) (D)
  A basilisk (shapeshifter) (D)
  A golden eye (D)
  Menkaure (D)
  2 nagas (D)
  2 hell hounds (D)
  A floating eye (shapeshifter) (D)
  A water moccasin (D)
  2 floating eyes (D)
  A black bear (shapeshifter) (D)
  5 centaurs (D)
  3 ogres (D)
  A phantom (D)
  2 necrophages (D)
  A wight (D)
  A killer bee (shapeshifter) (D)
  2 crimson imps (D)
  5 jellies (D)
  Terence (D)
  Ijyb (D)
  2 orc wizards (D)
  An adder (D)
  A shadow imp (D)
  3 ufetubi (D)
  2 spectral adders (D)
  3 adder skeletons (D)
  4 adder zombies (D)
  3 orcs (D)
  A spectral bat (D)
  2 bat skeletons (D)
  5 bat zombies (D)
  An endoplasm (D)
  A hobgoblin (shapeshifter) (D)
  3 ball python skeletons (D)
  2 ball python zombies (D)
  A jackal skeleton (D)
  A jackal zombie (D)
  2 quokka skeletons (D)
  4 quokka zombies (D)
  2 spectral ball pythons (D)
  2 spectral giant cockroaches (D)
229 creatures vanquished.

Vanquished Creatures (others)
  A hellephant (D)
  A searing wretch (D)
  A balrug (D)
  A stoker (D)
4 creatures vanquished.

Grand Total: 233 creatures vanquished

Notes
Turn   | Place    | Note
-------+----------+-------------------------------------------
     0 | D        | Groucho the Minotaur Fighter began the quest for the Orb.
     0 | D        | Reached XP level 1. HP: 19/19 MP: 0/0
     0 | D        | Found a shimmering blue altar of Sif Muna.
     0 | D        | Found a bloodstained altar of Trog.
     0 | D        | Found a sacrificial altar of Ru.
     0 | D        | Found a stormy altar of Qazlal.
     0 | D        | Found an iron altar of Okawaru.
     3 | D        | Found a sparkling altar of Nemelex Xobeh.
     3 | D        | Found a blossoming altar of Fedhas.
     3 | D        | Found the +6 Majin-Bo {spellvamp, MP+6 Int+6}
     3 | D        | Found the +27 heavy crossbow "Sniper" {heavy, Acc+∞ SInv}
     3 | D        | Found the +10 dark maul {heavy}
     3 | D        | Found the +15 Maxwell's patent armour {-Cast -Tele rElec
                  | Will+ rCorr}
     3 | D        | Found the +18 shield of the Gong {Loud rN+ Will+ rCorr
                  | EV-5}
     3 | D        | Found the +16 obsidian axe {drain, demonic, Mesm Drain Fly
                  | SInv}
     3 | D        | Found the +7 great mace "Firestarter" {flame, immolate,
                  | rFlCloud rF++}
     3 | D        | Found the +6 shillelagh "Devastator" {shatter}
     3 | D        | Found the +11 plutonium sword {Contam Stlth-}
     3 | D        | Found the +8 lance "Wyrmbane" {slay drac, rPois rF+ rC+
                  | AC+3}
     3 | D        | Found the +9 sword of Zonguldrok {reap}
     3 | D        | Found the +13 scythe of Curses {drain, curses, Drain}
     3 | D        | Found the +9 sword of Power {lifebolt}
     3 | D        | Found the +7 mace of Variability {chaos, chaos arc}
     3 | D        | Found the +11 Singing Sword {sonic wave}
     3 | D        | Found the +8 storm bow {elec, penet}
     5 | D        | Found a transporter.
     5 | D        | Found an ancient bone altar of Kikubaaqudgha.
     5 | D        | Found a viscous altar of Jiyva.
     5 | D        | Found a corrupted altar of Lugonu.
     5 | D        | Found a hazy altar of Hepliaklqana.
     5 | D        | Found a burning altar of Makhleb.
     5 | D        | Found an opulent altar of Gozag.
   100 | D        | Became a worshipper of Qazlal Stormbringer
   113 | D        | Entered arena 2.
   113 | D        | Noticed a crimson imp
   113 | D        | Noticed a hell hound
   113 | D        | Found a transporter.
   114 | D        | Killed a hell hound
   115 | D        | Reached skill level 5 in Fighting
   115 | D        | Reached skill level 5 in Armour
   115 | D        | Reached skill level 5 in Shields
   115 | D        | Reached XP level 2. HP: 30/30 MP: 0/3
   115 | D        | Reached XP level 3. HP: 37/37 MP: 0/4
   115 | D        | Reached XP level 4. HP: 44/44 MP: 0/5
   365 | D        | Entered arena 3.
   365 | D        | Found a transporter.
   367 | D        | Reached * piety under Qazlal
   368 | D        | Reached XP level 5. HP: 50/50 MP: 6/6
   368 | D        | Reached ** piety under Qazlal
   369 | D        | Reached skill level 5 in Maces & Flails
   378 | D        | Entered arena 4.
   378 | D        | Noticed a centaur
   378 | D        | Noticed a centaur
   378 | D        | Noticed a yaktaur
   378 | D        | Noticed a centaur
   378 | D        | Found a transporter.
   383 | D        | Killed a centaur
   383 | D        | Killed a centaur
   384 | D        | Reached skill level 5 in Dodging
   384 | D        | Reached skill level 5 in Invocations
   384 | D        | Reached XP level 6. HP: 60/60 MP: 8/8
   388 | D        | Killed a yaktaur
   388 | D        | Reached *** piety under Qazlal
   389 | D        | Reached XP level 7. HP: 69/69 MP: 8/10
   402 | D        | Entered arena 5.
   402 | D        | Noticed a slime creature
   402 | D        | Found a transporter.
   408 | D        | Killed a slime creature
   423 | D        | Entered arena 6.
   423 | D        | Found a transporter.
   426 | D        | Reached **** piety under Qazlal
   434 | D        | Got Sif Muna's Meditations on the Charnel House and
                  | Congelation
   439 | D        | Got the ring "Zisa Ijeo" {rPois Will- Int+5 SInv}
   442 | D        | Entered arena 7.
   442 | D        | Found the +9 scales of the Dragon King {rPois rF+ rC+
                  | Will+}
   443 | D        | Reached ***** piety under Qazlal
   444 | D        | Reached XP level 8. HP: 78/78 MP: 8/12
   446 | D        | Found a transporter.
   677 | D        | Entered arena 8.
   679 | D        | Found a transporter.
   686 | D        | Got the Elucidation of the Summoned Storm
   692 | D        | Entered arena 9.
   692 | D        | Noticed a vault guard
   692 | D        | Noticed a vault guard
   692 | D        | Noticed an ironbound convoker
   692 | D        | Noticed a vault sentinel
   692 | D        | Noticed a centaur warrior
   692 | D        | Noticed a vault guard
   692 | D        | Noticed a wizard
   693 | D        | Found a transporter.
   698 | D        | Killed a wizard
   699 | D        | Reached skill level 10 in Fighting
   699 | D        | Reached skill level 10 in Maces & Flails
   699 | D        | Reached skill level 10 in Armour
   699 | D        | Reached skill level 10 in Shields
   701 | D        | Killed a vault guard
   702 | D        | Reached XP level 9. HP: 89/89 MP: 7/14
   705 | D        | Killed a vault guard
   705 | D        | Reached ****** piety under Qazlal
   705 | D        | Killed a centaur warrior
   706 | D        | Reached skill level 10 in Dodging
   708 | D        | Killed an ironbound convoker
   709 | D        | Reached XP level 10. HP: 97/97 MP: 7/16
   710 | D        | Killed a vault sentinel
   710 | D        | Killed a vault guard
   711 | D        | Reached skill level 10 in Invocations
   724 | D        | Got the ring "Gonuptuf" {rF- Str+6 Int+2 Slay+2 SInv}
   726 | D        | Got the ring of the Sky {rC++ Str+5 Dex+6}
  1001 | D        | Entered arena 10.
  1004 | D        | Found a transporter.
  1156 | D        | Entered arena 11.
  1156 | D        | Noticed a shining eye
  1156 | D        | Noticed an eye of devastation
  1156 | D        | Noticed a shining eye
  1157 | D        | Found a transporter.
  1157 | D        | Gained mutation: Your skin changes colour to match your
                  | surroundings (Stealth+). [a shining eye]
  1158 | D        | Gained mutation: You sometimes lose your temper in combat.
                  | [a shining eye]
  1161 | D        | Gained mutation: Your flesh is heat resistant. (rF+) [a
                  | shining eye]
  1163 | D        | Killed a shining eye
  1164 | D        | Gained mutation: Your flesh is cold resistant. (rC+) [a
                  | shining eye]
  1165 | D        | Killed a shining eye
  1168 | D        | Killed an eye of devastation
  1408 | D        | Got the ring of Gipiamug {Contam rF+++ rC+ Int-3 Dex+9}
  1424 | D        | Entered arena 12.
  1424 | D        | Found the macabre finger necklace {Finger+ rN+}
  1424 | D        | Noticed a nagaraja
  1424 | D        | Noticed a naga warrior
  1424 | D        | Noticed a black mamba
  1424 | D        | Noticed a black mamba
  1425 | D        | Identified the +8 war axe "Ultimatum" {spect, *Slow rF++}
  1425 | D        | Noticed a naga mage
  1426 | D        | Noticed an anaconda
  1426 | D        | Found the +12 glaive of Prune {freeze, Prune}
  1427 | D        | Killed a black mamba
  1428 | D        | Found a transporter.
  1432 | D        | Killed a black mamba
  1435 | D        | Killed a nagaraja
  1436 | D        | Reached XP level 11. HP: 97/108 MP: 18/18
  1437 | D        | Killed an anaconda
  1437 | D        | Killed a naga warrior
  1471 | D        | Got the Almanac of the Ghoulish Singularity
  1742 | D        | Entered arena 13.
  1742 | D        | Noticed a soul eater
  1742 | D        | Noticed a shadow dragon
  1742 | D        | Noticed a shadow dragon
  1742 | D        | Noticed a shadow dragon
  1743 | D        | Noticed a soul eater
  1746 | D        | Killed a soul eater
  1746 | D        | Killed a soul eater
  1747 | D        | Found a transporter.
  1758 | D        | Killed a shadow dragon
  1760 | D        | HP: 2/107 [shadow dragon (7)]
  1772 | D        | Killed a shadow dragon
  1775 | D        | Killed a shadow dragon
  1776 | D        | Reached skill level 15 in Fighting
  1776 | D        | Reached skill level 15 in Maces & Flails
  1776 | D        | Reached skill level 15 in Armour
  1776 | D        | Reached skill level 15 in Shields
  2076 | D        | Got the Secrets of Anemomancy
  2084 | D        | Entered arena 14.
  2084 | D        | Noticed a yellow draconian
  2084 | D        | Noticed a white draconian stormcaller
  2084 | D        | Noticed an Orb Guardian
  2085 | D        | Noticed a white draconian
  2085 | D        | Noticed a red draconian
  2085 | D        | Identified the ring "Tiergh" {*Slow rElec rN++ Will+ Int+6}
  2085 | D        | Noticed a yellow draconian
  2085 | D        | Identified the amulet "Faread" {RegenMP +Blink Regen+ Dex-4
                  | SInv}
  2085 | D        | Noticed a red draconian
  2085 | D        | Noticed a red draconian
  2085 | D        | Noticed a yellow draconian
  2085 | D        | Noticed a red draconian
  2086 | D        | Noticed an Orb Guardian
  2086 | D        | Identified the +10 dagger "Pesueh" {flame, Str+6 Int-2}
  2086 | D        | Noticed a red draconian
  2087 | D        | Killed a red draconian
  2087 | D        | Killed a white draconian stormcaller
  2088 | D        | Reached XP level 12. HP: 102/121 MP: 11/20
  2088 | D        | Killed a yellow draconian
  2088 | D        | Killed a red draconian
  2088 | D        | Killed a yellow draconian
  2090 | D        | Killed a red draconian
  2090 | D        | Killed a yellow draconian
  2090 | D        | Killed a red draconian
  2094 | D        | Killed an Orb Guardian
  2094 | D        | Killed a white draconian
  2094 | D        | Killed an Orb Guardian
  2095 | D        | Reached skill level 15 in Dodging
  2096 | D        | Killed a red draconian
  2097 | D        | Found a transporter.
  2116 | D        | Got the Information on the Ensnaring Wind
  2247 | D        | Entered arena 15.
  2247 | D        | Noticed Pikel
  2248 | D        | Noticed Menkaure
  2248 | D        | Noticed Urug
  2248 | D        | Noticed Frances
  2248 | D        | Noticed Azrael
  2248 | D        | Noticed Joseph
  2248 | D        | Noticed Ijyb
  2249 | D        | Noticed Agnes
  2249 | D        | Noticed Maurice
  2249 | D        | Noticed Terence
  2249 | D        | Noticed Josephine
  2250 | D        | Killed Terence
  2250 | D        | Killed Josephine
  2251 | D        | Killed Urug
  2251 | D        | Killed Ijyb
  2251 | D        | Killed Pikel
  2251 | D        | Killed Azrael
  2253 | D        | Killed Joseph
  2253 | D        | Killed Menkaure
  2253 | D        | Killed Maurice
  2254 | D        | Killed Agnes
  2255 | D        | Reached XP level 13. HP: 132/132 MP: 13/22
  2255 | D        | Found a transporter.
  2257 | D        | Killed Frances
  2498 | D        | Entered arena 16.
  2499 | D        | Noticed a lich
  2501 | D        | Killed a lich
  2508 | D        | Reached skill level 15 in Invocations
  2516 | D        | Found a transporter.
  2736 | D        | Entered arena 17.
  2738 | D        | Noticed a white draconian
  2738 | D        | Noticed a purple draconian
  2738 | D        | Noticed a green draconian
  2738 | D        | Noticed a purple draconian
  2738 | D        | Noticed a yellow draconian
  2738 | D        | Noticed a purple draconian
  2739 | D        | Noticed a yellow draconian
  2739 | D        | Noticed a purple draconian
  2739 | D        | Noticed a white draconian
  2739 | D        | Noticed a green draconian
  2739 | D        | Noticed a yellow draconian
  2739 | D        | Noticed a white draconian
  2739 | D        | Noticed a white draconian
  2739 | D        | Noticed a purple draconian
  2740 | D        | Noticed a green draconian
  2741 | D        | Killed a yellow draconian
  2741 | D        | Killed a yellow draconian
  2741 | D        | Killed a green draconian
  2741 | D        | Killed a white draconian
  2741 | D        | Killed a purple draconian
  2741 | D        | Killed a purple draconian
  2741 | D        | Killed a purple draconian
  2741 | D        | Killed a purple draconian
  2742 | D        | Killed a purple draconian
  2742 | D        | Killed a green draconian
  2742 | D        | Killed a white draconian
  2743 | D        | Found a transporter.
  2747 | D        | Killed a white draconian
  2748 | D        | Reached XP level 14. HP: 133/146 MP: 8/25
  2758 | D        | Got the Enchiridion on Injurious Rime
  2761 | D        | Got the Book of the Valley
  2843 | D        | Entered arena 18.
  2845 | D        | Noticed a stone giant
  2846 | D        | Noticed a stone giant
  2846 | D        | Identified the ring "Oqebiub" {*Corrode +Blink rC+ rN+++
                  | Will+}
  2847 | D        | Killed a stone giant
  2849 | D        | Killed a stone giant
  2850 | D        | Found the +8 longbow "Zephyr" {speed, Dex+3 SInv}
  2851 | D        | Found a transporter.
  2895 | D        | Got Hyelabes's Anthology of Abhorrent Mysteries
  2962 | D        | Entered arena 19.
  2965 | D        | Noticed a stone giant
  2965 | D        | Noticed a stone giant
  2967 | D        | Noticed a fire giant
  2967 | D        | Noticed a fire giant
  2967 | D        | Noticed a stone giant
  2969 | D        | Killed a stone giant
  2969 | D        | Killed a fire giant
  2970 | D        | Killed a stone giant
  2972 | D        | Killed a stone giant
  2972 | D        | Killed a fire giant
  3283 | D        | Found a transporter.
  3299 | D        | Got Yroylo's Elucidation of Silt and Malisons
  3311 | D        | Entered arena 20.
  3315 | D        | Noticed a ghoul
  3329 | D        | Killed a ghoul
  3331 | D        | Found a transporter.
  3338 | D        | Got the ring of Udwoab {rElec rF+ Will+ Str-2}
  3361 | D        | Got Muisal's Precepts of the Icy Assassin
  3480 | D        | Entered arena 21.
  3484 | D        | Noticed a glowing shapeshifter
  3484 | D        | a glowing shapeshifter changed into a hobgoblin
  3484 | D        | Noticed a shard shrike
  3484 | D        | Noticed a shard shrike
  3484 | D        | Identified the staff of air "Gagacoazah" {rElec Str+4}
  3485 | D        | Noticed a glowing shapeshifter
  3485 | D        | Noticed a juggernaut
  3485 | D        | a glowing shapeshifter changed into a polar bear
  3485 | D        | a shard shrike changed into a titan
  3485 | D        | Noticed a titan (glowing shapeshifter)
  3485 | D        | Noticed a shard shrike
  3486 | D        | a shard shrike changed into a titan
  3486 | D        | Noticed a titan (glowing shapeshifter)
  3487 | D        | Killed a shard shrike
  3487 | D        | Killed a titan
  3487 | D        | a titan changed into an acid blob
  3487 | D        | Noticed an acid blob (glowing shapeshifter)
  3488 | D        | Reached XP level 15. HP: 160/160 MP: 10/27
  3488 | D        | Killed an acid blob
  3493 | D        | Killed a juggernaut
  3496 | D        | Found the +8 Vampire's Tooth {megavamp}
  3497 | D        | Found a transporter.
  3519 | D        | Got Qihapp's Commentary on Bedrock
  3566 | D        | Got the ring "Hedum" {rElec rC+ rN+ Dex-4 SInv}
  3788 | D        | Entered arena 22.
  3810 | D        | Noticed a hellephant
  3810 | D        | Identified the ring "Ichof Jos" {rC+ Int+3 Dex+6}
  3811 | D        | Noticed a hellephant
  3811 | D        | Noticed a searing wretch
  3811 | D        | Noticed a hellephant
  3811 | D        | Noticed a searing wretch
  3811 | D        | Noticed a fire giant
  3811 | D        | Identified the +11 scimitar of Obsession {drain, rCorr
                  | Str+2}
  3812 | D        | Noticed a hellephant
  3812 | D        | Identified the +1 robe "Sebell" {rPois Slay+2}
  3812 | D        | Noticed a hellephant
  3812 | D        | Noticed a hellephant
  3812 | D        | Noticed a hellephant
  3812 | D        | Noticed a hellephant
  3812 | D        | Noticed a searing wretch
  3813 | D        | Noticed a searing wretch
  3814 | D        | Killed a hellephant
  3814 | D        | Killed a searing wretch
  3814 | D        | HP: 8/162 [balrug/divine providence (14)]
  3819 | D        | Killed a hellephant
  3819 | D        | Killed a searing wretch
  3819 | D        | Killed a hellephant
  3819 | D        | Killed a searing wretch
  3824 | D        | Killed a hellephant
  3827 | D        | Slain by a searing wretch

Illustrated notes

Levels and vault maps discovered:
D:        sprint_v [room_start, room_1, room_2, room_3, room_4, room_5, room_6,
          room_7, room_8, room_9, room_10, room_11, room_12, room_13, room_14,
          room_15, room_16, room_17, room_18, room_19, room_20, room_21,
          room_22, room_23, room_24, room_25, room_26, room_27]

Skill      XL: |  1  2  3  4  5  6  7  8  9 10 11 12 13 14 15 |
---------------+----------------------------------------------+-----
Fighting       | 5 6 7 8 9 11 12 13 15 17 19 21 23 | 23.5
Maces & Flails | 4 6 8 10 11 13 15 17 19 21 23 | 23.5
Armour         | 5 6 7 8 9 10 12 13 15 17 19 21 23 | 23.6
Dodging        | 3 4 5 6 7 9 10 12 13 15 17 20 21 | 21.6
Shields        | 5 6 7 8 9 11 12 13 15 17 19 22 23 | 23.6
Invocations    | 3 5 6 7 8 9 11 12 14 16 18 20 | 20.1
Axes           | |  2.4

Action                     |  1- 3 |  4- 6 |  7- 9 | 10-12 | 13-15 || total
---------------------------+-------+-------+-------+-------+-------++-------
  Melee: Shillelagh        |     1 |     9 |    20 |    53 |    58 ||   141
         Headbutt          |       |     2 |     1 |    16 |    15 ||    34
 Invoke: Upheaval          |       |       |     2 |       |     3 ||     5
         Disaster Area     |       |       |     1 |    11 |    18 ||    30
    Use: Potion            |       |       |       |     6 |     9 ||    15
 Armour: Plate armour      |       |    17 |     5 |    31 |    17 ||    70
  Dodge: Dodged            |       |     2 |     3 |    17 |    19 ||    41
         Repelled          |       |       |       |     1 |     2 ||     3
  Block: Kite shield       |       |    23 |    25 |    88 |   122 ||   258
